Map: 카이로스 정션 - 래더

Players

GuMiho - Winner!

  • Race: Terran Terran
  • League: Grandmaster
  • Spawn Location: 5:00

Dear

  • Race: Protoss Protoss
  • Spawn Location: 11:00

Event: IEM Season 13 - Katowice Server Qualifiers Asia 2

VOD

Have the link to the VOD?

Description

Time

  • Played on: Jan. 22, 2019, 7:23 a.m.
  • Length: 10:30

All games in this series

Show
View Real Time Build Order
Export as new Build Order

GuMiho Terran - Winner!

Build Orders: Gas First Reaper Expand 

Get SALT Encoding   

  12  0:00  SCV  
  13  0:12  SCV  
  14  0:16  Supply Depot  
  14  0:24  SCV  
  14  0:27  Refinery  
  15  0:38  SCV  
  16  0:44  Barracks  
  16  0:50  SCV  
  17  1:02  SCV  
  18  1:14  SCV  
  19  1:31  Reaper, Orbital Command  
  20  1:44  Command Center  
  20  1:56  Factory  
  20  1:57  SCV  
  21  2:04  Barracks Reactor  
  21  2:10  Supply Depot  
  21  2:13  Refinery  
  21  2:15  SCV  
  22  2:27  SCV  
  23  2:40  SCV  
  23  2:41  Marine x2  
  26  2:44  Starport  
  26  2:47  Factory Tech Lab  
  26  2:52  SCV  
  27  2:59  Marine x2  
  27  3:04  SCV  
  30  3:06  Cyclone  
  33  3:14  Orbital Command  
  33  3:16  Marine, SCV  
  33  3:17  Marine  
  36  3:23  Medivac  
  36  3:26  Supply Depot  
  38  3:29  SCV  
  39  3:35  Marine, Refinery  
  39  3:37  Marine  
  39  3:41  SCV  
  42  3:45  Cyclone  
  44  3:49  SCV  
  44  3:53  SCV  
  46  3:55  Supply Depot  
  46  4:01  Viking  
  48  4:03  Marine  
  48  4:07  Marine  
  50  4:10  SCV x2  
  52  4:18  Siege Tank  
  52  4:19  Supply Depot  
  52  4:24  Marine  
  55  4:25  Marine  
  55  4:28  Supply Depot  
  55  4:30  SCV x2  
  59  4:36  Viking  
  61  4:42  Marine  
  61  4:43  Marine, SCV x2  
  65  4:50  Siege Tank  
  68  4:54  Supply Depot  
  68  4:55  SCV  
  68  4:57  SCV  
  70  5:06  Marine x2  
  72  5:10  Viking  
  72  5:11  SCV x2  
  76  5:24  Marine x2  
  74  5:42  Marine x2  
  66  5:44  SCV x2  
  66  5:46  Siege Tank  
  66  5:47  Viking  
  69  5:55  Barracks x2  
  69  5:56  SCV x2  
  67  5:59  Marine x2, Bunker  
  61  6:17  Marine x2, SCV x2  
  61  6:18  Siege Tank  
  61  6:20  Starport Tech Lab  
  61  6:24  Barracks  
  61  6:25  Barracks  
  61  6:27  Engineering Bay  
  61  6:31  Supply Depot  
  61  6:32  Bunker  
  59  6:36  Marine  
  59  6:37  Marine  
  60  6:40  SCV x2  
  60  6:43  Barracks Tech Lab x2  
  60  6:48  Bunker  
  60  6:52  Siege Tank  
  63  6:54  Marine  
  63  6:57  SCV x2  
  63  7:00  Missile Turret  
  66  7:03  Marine x2  
  66  7:04  Stimpack  
  66  7:05  Combat Shield  
  68  7:12  Starport Reactor, Terran Infantry Weapons Level 1  
  68  7:13  Marine  
  69  7:16  Barracks Reactor  
  69  7:20  Missile Turret  
  69  7:21  Marine x3  
  72  7:26  Marine  
  72  7:28  Siege Tank  
  74  7:35  Supply Depot  
  74  7:39  Marine x2, Marauder  
  74  7:40  Marauder  
  74  7:43  Concussive Shells  
  74  7:44  Refinery  
  80  7:48  Marauder  
  80  7:49  Medivac  
  80  7:50  Medivac  
  86  7:53  Supply Depot  
  86  7:54  Marine x2, Supply Depot  
  88  7:59  Marine x2  
  88  8:00  Marine  
  88  8:01  Marauder  
  93  8:09  Marine  
  93  8:10  Siege Tank  
  96  8:13  Marine x2, Supply Depot  
  96  8:15  SCV  
  96  8:16  SCV  
  96  8:17  Marine  
  101  8:20  Marine  
  101  8:26  Medivac  
  104  8:27  SCV  
  104  8:29  Medivac  
  104  8:32  Marine x2, Marauder  
  104  8:34  Marine  
  111  8:41  Marine x3  
  114  8:43  SCV  
  114  8:44  SCV  
  116  8:50  Marine  
  89  9:11  Marine  
  89  9:12  Marine x2, Marauder x2  
  89  9:15  Siege Tank  
  91  9:17  Medivac x2  
  91  9:18  Marine x2  
  93  9:29  Marine x2  
  93  9:30  Marine  
  96  9:33  Marine x2  
  96  9:36  Marine x2  
  100  9:47  Marine x2, Siege Tank, Medivac  
  100  9:48  Marine  
  108  9:57  Marine  
  108  9:58  Marine  
  90  10:00  Marine  
  90  10:06  Marine  
  88  10:11  Marine  
Show
View Real Time Build Order
Export as new Build Order

Dear Protoss 

Build Orders: 1 Gate Expand, Oracle Opening, Phoenix Opening 

Get SALT Encoding   

  12  0:00  Probe  
  13  0:12  Probe  
  14  0:18  Pylon  
  14  0:24  Probe  
  15  0:32  Probe  
  15  0:37  Gateway  
  15  0:40  Probe  
  16  0:45  Assimilator  
  17  0:50  Probe  
  18  1:03  Probe  
  19  1:15  Probe  
  20  1:22  Nexus  
  20  1:34  Cybernetics Core  
  20  1:35  Probe  
  21  1:40  Assimilator  
  21  1:48  Probe  
  21  1:50  Pylon  
  22  2:00  Probe  
  23  2:01  Adept, Pylon  
  22  2:12  Probe  
  25  2:18  Stargate  
  25  2:22  Adept  
  25  2:24  Probe  
  25  2:25  Warp Gate  
  26  2:30  Probe  
  26  2:36  Probe  
  30  2:38  Probe  
  31  2:48  Probe  
  31  2:49  Probe  
  33  2:52  Adept  
  33  2:54  Oracle  
  35  3:00  Probe  
  35  3:01  Probe  
  40  3:11  Pylon  
  40  3:12  Probe  
  41  3:13  Probe  
  42  3:24  Probe  
  42  3:25  Probe  
  44  3:31  Phoenix  
  46  3:36  Probe  
  46  3:37  Probe  
  46  3:40  Gateway  
  48  3:41  Gateway  
  48  3:49  Probe x2  
  48  3:52  Phoenix, Assimilator  
  50  3:56  Pylon  
  50  3:58  Assimilator  
  52  4:03  Probe x2  
  54  4:14  Phoenix  
  54  4:15  Probe x2  
  54  4:16  Pylon  
  58  4:27  Forge  
  58  4:28  Twilight Council  
  58  4:31  Phoenix  
  58  4:34  Adept x2  
  58  4:35  Adept  
  64  4:43  Pylon  
  64  4:45  Probe  
  67  4:46  Probe  
  67  4:48  Phoenix  
  68  5:01  Stalker x2  
  68  5:02  Stalker  
  68  5:06  Pylon  
  74  5:07  Phoenix  
  76  5:24  Phoenix  
  76  5:25  Stalker x2  
  76  5:26  Stalker  
  74  5:39  Probe x2  
  53  5:50  Stalker x3  
  53  5:51  Probe  
  60  5:57  Probe  
  60  6:03  Probe  
  56  6:09  Probe  
  55  6:13  Stalker  
  55  6:14  Stalker  
  55  6:15  Probe, Stalker  
  62  6:21  Probe  
  62  6:24  Probe  
  62  6:25  Protoss Ground Armor Level 1  
  63  6:26  Charge  
  63  6:29  Probe  
  63  6:32  Probe  
  66  6:40  Probe  
  66  6:41  Probe  
  68  6:53  Nexus  
  68  6:54  Stalker  
  68  6:56  Stalker  
  68  7:01  Stalker  
  74  7:03  Probe x2  
  76  7:09  Pylon  
  76  7:15  Templar Archives  
  76  7:24  Sentry  
  76  7:26  Sentry  
  80  7:31  Psionic Storm, Gateway  
  80  7:33  Probe x2, Gateway  
  80  7:34  Gateway  
  82  7:45  Probe x2  
  84  7:55  Gateway  
  84  7:56  Gateway  
  84  7:57  High Templar x2  
  84  7:58  Zealot  
  90  7:59  Probe  
  90  8:00  Probe  
  92  8:15  Robotics Facility  
  92  8:21  High Templar, Assimilator  
  92  8:22  Assimilator  
  92  8:26  Zealot  
  94  8:28  Zealot x2  
  94  8:30  Pylon  
  94  8:33  High Templar, Zealot  
  102  8:43  Pylon  
  102  8:52  Zealot x4  
  102  8:53  Zealot  
  102  8:54  Zealot  
  114  8:56  Zealot  
  90  9:11  Immortal  
  90  9:16  High Templar x2  
  90  9:17  High Templar x2, Zealot x4  
  86  9:22  Archon  
  86  9:23  Archon  
  82  9:38  High Templar  
  82  9:39  High Templar, Zealot x2  
  82  9:41  Immortal  
  90  9:48  Zealot  
  90  9:49  Zealot x3  
  86  10:03  Zealot  
  86  10:04  Zealot  
  70  10:08  Zealot x4  
  70  10:15  Stalker  
  70  10:19  Archon  
  65  10:22  Zealot  

Tags
 
Add a new tag
Caveats
  • Supply blocks, unpowered buildings, or Contaminate may cause inaccurate times.
  • Supply counts are checked every 10 seconds.